 Dungeon Crawl Stone Soup version 0.20.2-3-g29329e0561 (webtiles) character file.

161 Alfie the Covered (level 5, -2/46 HPs)
             Began as a Hill Orc Fighter on Sept 25, 2023.
             Slain by Alfie's ghost (11 damage)
             ... on level 4 of the Dungeon.
             The game lasted 00:07:04 (2554 turns).

Alfie the Covered (Hill Orc Fighter)                Turns: 2554, Time: 00:07:05

Health: -2/46      AC:  9    Str: 25    XL:     5   Next: 42%
Magic:  5/5        EV:  8    Int:  8    God:
Gold:   120        SH: 10    Dex: 10    Spells: 4/4 levels left

rFire    . . .     SeeInvis .   a - +1 rapier
rCold    . . .     Gourm    .   c - +0 shield
rNeg     . . .     Faith    .   b - +0 scale mail
rPois    .         Spirit   .   r - +0 helmet
rElec    .         Reflect  .   (no cloak)
rCorr    .         Harm     .   (no gloves)
MR       .....                  (no boots)
Stlth    ..........             (no amulet)
Regen    0.2/turn               k - +1 ring of protection
MPRegen  0.1/turn               (no ring)

@: mighty
A: no striking features
a: no special abilities


You were on level 4 of the Dungeon.
You were not hungry.

You visited 1 branch of the dungeon, and saw 4 of its levels.

You collected 120 gold pieces.

Inventory:

Hand Weapons
 a - a +1 rapier (weapon)
Armour
 b - a +0 scale mail (worn)
 c - a +0 shield (worn)
 r - a +0 helmet (worn)
Jewellery
 k - a +1 ring of protection (left hand)
 t - an uncursed ring of wizardry
Wands
 e - a wand of random effects (14/48)
 s - a wand of random effects (16/48)
Scrolls
 j - a scroll of remove curse
Potions
 d - a potion of might
 g - a potion of degeneration {unknown}
 l - 2 potions of heal wounds {unknown}
 n - a potion of curing {unknown}
 o - a potion of berserk rage {unknown}
 q - a potion of lignification {unknown}
Comestibles
 f - 4 bread rations
 p - 13 fruits


   Skills:
 + Level 4.1 Fighting
 + Level 3.5 Short Blades
 + Level 0.3 Throwing
 + Level 4.2 Armour
 + Level 0.7 Dodging
 + Level 0.1 Stealth
 + Level 4.1 Shields


You had 4 spell levels left.
You didn't know any spells.

Dungeon Overview and Level Annotations

Branches:
Dungeon (4/15)
 Temple: D:4-7

Altars:
Okawaru
Xom

Annotations:
D:4 Alfie's ghost, novice HOFi


Message History

Alfie's ghost is moderately damaged.
Alfie's ghost hits you!
You puncture Alfie's ghost!
Alfie's ghost is moderately damaged.
Alfie's ghost hits you.
You closely miss Alfie's ghost.
Alfie's ghost is moderately damaged.
Alfie's ghost hits you!
* * * LOW HITPOINT WARNING * * *
You puncture Alfie's ghost!
Alfie's ghost is heavily damaged.
Alfie's ghost hits you but does no damage.
Your shield and scale mail prevent you from hitting Alfie's ghost.
Alfie's ghost is heavily damaged.
Alfie's ghost hits you.
* * * LOW HITPOINT WARNING * * *
You puncture Alfie's ghost!
Alfie's ghost is severely damaged.
Alfie's ghost hits you!
You die...

********,*,,,,,..#***,* *,*
*,,,#***#.# *,* *,**** *,*.#
##.## *,* *,,,,*
###***.#.**##...##*,* ****,*
#..,,.#....,.....,*,* *,*
#.#**#.#..#**...*,*,* *,* #.#
##.##.####.#*,*,* *,*
#.###........#W#*,*,***** *,*
#............#@#*,*,,,,,* *,*
#.##...8.8...#.#*,*****>* *,*
#.##....<......#*,* *,* *,*
#.##...8.8...###*,* *,* *,*
#.##.........# *,,* *,* *,*
#.###........###,******,***,*
#.# ####.........,,,,,,,,,,,*
###.# #########.#,*,,,,,,,,*
....# *,,,,,,,,,,,**


You could see Alfie's ghost.

Vanquished Creatures
  A hound (D:4)
  Robin (D:3)
  2 adders (D:3)
  3 worms (D:2)
  A dart slug (D:1)
  2 leopard geckos (D:1)
  4 orcs (D:3)
  8 bats
  A giant cockroach (D:2)
  20 goblins
  9 hobgoblins
  7 jackals
  7 kobolds
  4 ball pythons
  8 frilled lizards
  3 rats
81 creatures vanquished.

Notes
Turn   | Place    | Note
-------+----------+-------------------------------------------
     0 | D:1      | Alfie the Hill Orc Fighter began the quest for the Orb.
     0 | D:1      | Reached XP level 1. HP: 19/19 MP: 1/1
   172 | D:1      | Reached XP level 2. HP: 27/27 MP: 2/2
   792 | D:1      | Reached XP level 3. HP: 33/33 MP: 3/3
  1330 | D:2      | Found an iron altar of Okawaru.
  1543 | D:2      | Reached XP level 4. HP: 40/40 MP: 4/4
  1946 | D:3      | Found a shimmering altar of Xom.
  1963 | D:3      | Noticed Robin
  1985 | D:3      | Killed Robin
  2145 | D:3      | Reached XP level 5. HP: 37/46 MP: 5/5
  2542 | D:4      | Noticed Alfie's ghost (novice HOFi)
  2554 | D:4      | Slain by Alfie's ghost

Skill      XL: |  1  2  3  4 |
---------------+-------------+-----
Armour         | 4 |  4.2
Short Blades   | 3 |  3.5
Fighting       | 4 |  4.1
Shields        | 4 |  4.1
Throwing       | |  0.3
Dodging        | |  0.7
Stealth        | |  0.1

Action                   |  1- 3 |  4- 6 || total
-------------------------+-------+-------++-------
Melee: Rapier            |   155 |   158 ||   313
Throw: Tomahawk          |    10 |     4 ||    14
  Use: Scroll            |       |     8 ||     8
       Potion            |       |     1 ||     1
  Eat: Royal jelly       |     1 |       ||     1
       Fruit             |       |     4 ||     4
Armor: Scale mail        |    66 |    61 ||   127
Dodge: Dodged            |    59 |    51 ||   110
Block: Shield            |    68 |    79 ||   147
